 Dungeon Crawl Stone Soup version 0.31-a0-177-g4aa6249778 (webtiles) character file.

Game seed: 15964907287648576616

112 qw the Shooter (level 4, 0/42 HPs)
             Began as a Naga Hunter on June 18, 2023.
             Slain by a kobold
             ... wielding a +0 whip
              (2 damage)
             ... on level 2 of the Dungeon.
             The game lasted 00:00:34 (1639 turns).

qw the Shooter (Naga Hunter)                        Turns: 1639, Time: 00:00:35

Health: 0/42       AC:  2    Str: 13    XL:     4   Next: 95%
Magic:  4/4        EV:  9    Int:  9    God:
Gold:   102        SH:  0    Dex: 17    Spells: 3/3 levels left

rFire   . . .        Y - +0 shortbow
rCold   . . .        (shield currently unavailable)
rNeg    . . .        c - +0 leather armour
rPois   +            (no helmet)
rElec   .            (no cloak)
rCorr   .            (no gloves)
SInv    +            (no barding)
Will    .....        (no amulet)
Stlth   ++           (no ring)
HPRegen 0.27/turn    (no ring)
MPRegen 0.09/turn

%: no passive effects
@: short of breath, very slow
A: AC +1, large, see invisible, deformed body, poison resistance, slowness 2,
spit poison 1, naga tail 1
a: Spit Poison


You were on level 2 of the Dungeon.
You visited 1 branch of the dungeon, and saw 3 of its levels.

You collected 102 gold pieces.


Innate Abilities, Weirdness & Mutations

Your serpentine skin is tough. (AC +1)
You have supernaturally acute eyesight. (SInv)
Armour fits poorly on your strangely shaped body.
Your system is resistant to poisons. (rPois)
You cover ground very slowly.
You can spit poison.
You have a snake-like lower body.


   Skills:
 - Level 3.0 Fighting
 + Level 5.1 Ranged Weapons
 - Level 1.5 Dodging
 - Level 1.5 Stealth


You had 3 spell levels left.
You didn't know any spells.
Your spell library was empty.

Inventory:

Hand Weapons
 Y - a +0 shortbow (weapon)
Armour
 c - a +0 leather armour (worn)
Scrolls
 e - a scroll of identify
Potions
 f - a potion of might
 g - a potion of attraction {unknown}
 h - a potion of lignification {unknown}
 i - a potion of haste

Dungeon Overview and Level Annotations

Branches:
Dungeon (3/15)

Altars:

Shops:
D:1 [


Message History

The gnoll shouts!
You shoot an arrow. The arrow barely misses the kobold.
You shoot an arrow. The arrow completely misses the kobold.
The kobold hits you but does no damage.
You shoot an arrow. The arrow barely misses the gnoll.
The arrow hits the gnoll!
The gnoll is almost dead.
The gnoll barely misses you. The kobold hits you with a +0 whip.
You shoot an arrow. The arrow barely misses the gnoll. x2
You have got your breath back.
The gnoll hits you with a +0 whip! The kobold hits you with a +0 whip.
1632 ||| STAIRDANCE The gnoll barely misses you.
The kobold hits you with a +0 whip.
You climb upwards.
There is a stone staircase leading down here.
1634 ||| INVOKING Spit Poison.
Aiming: Spit Poison (1% risk of failure)
Press: ? - help, Shift-Dir - straight line, f - gnoll The splash of poison misses the gnoll.
The kobold hits you with a +0 whip. The gnoll barely misses you.
You shoot an arrow. The arrow closely misses the gnoll.
The kobold barely misses you. The gnoll hits you with a +0 whip.
You shoot an arrow. The arrow hits the gnoll.
The gnoll is lightly wounded.
The kobold hits you but does no damage. The gnoll barely misses you.
The kobold hits you with a +0 whip. The gnoll hits you with a +0 whip.
You shoot an arrow. The arrow hits the gnoll.
The gnoll is moderately wounded.
The kobold hits you but does no damage. The gnoll closely misses you.
You shoot an arrow.
The arrow hits the gnoll but does no damage.
The gnoll is moderately wounded.
You have got your breath back.
The kobold hits you with a +0 whip. The gnoll hits you with a +0 whip!
1639 ||| INVOKING Spit Poison.
Aiming: Spit Poison (1% risk of failure)
Press: ? - help, Shift-Dir - straight line, f/p - gnoll The splash of poison hits the gnoll.
The gnoll is poisoned.
The gnoll is heavily wounded.
The kobold hits you with a +0 whip.
You die...

####.##.# #.#########.###...'.(.
##......)# #.# #..####..#...
##.##.#### #^# #.[#.###.#...
##.##.# #.# ###..#..######'
##.##.#### #.# ##....'...###...
##.##.(..# #.#####.....#....###..
.......#.###...........#.....###.
...###.#.........g#....##.....###
.### #.####....K@.#....###.....##
.# #.# ##......#....#####'#### .#
#.# ###......#..............
######.###.########.....##...#.##
....#......# ###...######...
###.######.### #...# #)...##
#.##.......########...###.####
###.##.###.#........'.....#.#####
....##.#.....########...#.#.#...#


You could see a gnoll (poisoned) and a kobold.

Vanquished Creatures
  A gnoll (D:3)
  5 adders (D:2)
  3 worms (D:2)
  5 bats
  5 endoplasms
  A hobgoblin (D:1)
  5 jackals (D:1)
  A quokka (D:2)
  11 ball pythons
  4 frilled lizards
  5 goblins
  3 kobolds
  5 rats
54 creatures vanquished.

Notes
Turn   | Place    | Note
-------+----------+-------------------------------------------
     0 | D:1      | qw the Naga Hunter began the quest for the Orb.
     0 | D:1      | Reached XP level 1. HP: 19/19 MP: 1/1
     0 | D:1      | 0 ||| qw: Version: 0.3-a-7-ge0c9b40
     0 | D:1      | 0 ||| qw: Game counter: 752
     0 | D:1      | 0 ||| qw: Always use a shield: true
     0 | D:1      | 0 ||| qw: God list: Okawaru
     0 | D:1      | 0 ||| qw: Allow faded altars: false
     0 | D:1      | 0 ||| qw: Do Orc after D:15 true
     0 | D:1      | 0 ||| qw: Do second Lair branch before Depths: true
     0 | D:1      | 0 ||| qw: Lair rune preference: random
     0 | D:1      | 0 ||| qw: Plans: Normal
     0 | D:1      | 0 ||| PLANNING D:1-11
     6 | D:1      | 6 ||| INVOKING Spit Poison.
    10 | D:1      | 10 ||| INVOKING Spit Poison.
   105 | D:1      | 105 ||| INVOKING Spit Poison.
   107 | D:1      | Reached skill level 4 in Ranged Weapons
   107 | D:1      | Reached XP level 2. HP: 26/26 MP: 2/2
   112 | D:1      | 112 ||| INVOKING Spit Poison.
   135 | D:1      | 135 ||| INVOKING Spit Poison.
   138 | D:1      | 138 ||| INVOKING Spit Poison.
   211 | D:1      | Found Eguum's Antique Armour Shoppe.
   231 | D:1      | 231 ||| INVOKING Spit Poison.
   305 | D:1      | 305 ||| INVOKING Spit Poison.
   323 | D:1      | 323 ||| INVOKING Spit Poison.
   328 | D:1      | 328 ||| INVOKING Spit Poison.
   342 | D:1      | 342 ||| INVOKING Spit Poison.
   396 | D:1      | 396 ||| INVOKING Spit Poison.
   397 | D:1      | Reached XP level 3. HP: 32/32 MP: 3/3
   417 | D:1      | 417 ||| INVOKING Spit Poison.
   524 | D:1      | 524 ||| READING scroll labelled TEYBIB PIAH.
   525 | D:1      | 525 ||| READING 2 scrolls labelled UPRANW SAJIL.
   526 | D:1      | 526 ||| READING scroll labelled LYENU NUGEDA.
   527 | D:1      | 527 ||| DRINKING 2 murky inky potions.
   528 | D:1      | 528 ||| DROPPING scroll of butterflies.
   580 | D:2      | 580 ||| INVOKING Spit Poison.
   615 | D:2      | 615 ||| INVOKING Spit Poison.
   637 | D:2      | 637 ||| INVOKING Spit Poison.
   642 | D:2      | 642 ||| INVOKING Spit Poison.
   646 | D:2      | 646 ||| INVOKING Spit Poison.
   651 | D:2      | 651 ||| INVOKING Spit Poison.
   655 | D:2      | 655 ||| INVOKING Spit Poison.
   716 | D:2      | 716 ||| INVOKING Spit Poison.
   721 | D:2      | 721 ||| INVOKING Spit Poison.
   724 | D:2      | 724 ||| INVOKING Spit Poison.
   729 | D:2      | Reached skill level 5 in Ranged Weapons
   731 | D:2      | Reached XP level 4. HP: 16/39 MP: 4/4
   731 | D:2      | 731 ||| INVOKING Spit Poison.
   825 | D:2      | 825 ||| INVOKING Spit Poison.
   880 | D:2      | 880 ||| INVOKING Spit Poison.
   920 | D:2      | 920 ||| INVOKING Spit Poison.
   944 | D:2      | 944 ||| INVOKING Spit Poison.
   947 | D:2      | 947 ||| INVOKING Spit Poison.
   950 | D:2      | 950 ||| INVOKING Spit Poison.
  1015 | D:2      | 1015 ||| INVOKING Spit Poison.
  1176 | D:2      | 1176 ||| INVOKING Spit Poison.
  1206 | D:2      | 1206 ||| INVOKING Spit Poison.
  1219 | D:2      | 1219 ||| INVOKING Spit Poison.
  1270 | D:2      | 1270 ||| INVOKING Spit Poison.
  1272 | D:2      | Reached skill level 3 in Fighting
  1317 | D:2      | 1317 ||| INVOKING Spit Poison.
  1332 | D:2      | 1332 ||| INVOKING Spit Poison.
  1588 | D:2      | 1588 ||| READING 2 scrolls of identify.
  1588 | D:2      | 1588 ||| IDENTIFYING dark potion
  1627 | D:3      | 1627 ||| INVOKING Spit Poison.
  1632 | D:3      | 1632 ||| STAIRDANCE
  1634 | D:2      | 1634 ||| INVOKING Spit Poison.
  1638 | D:2      | HP: 10/42 [kobold/+0 whip (4)]
  1638 | D:2      | HP: 2/42 [gnoll/+0 whip (8)]
  1639 | D:2      | 1639 ||| INVOKING Spit Poison.
  1639 | D:2      | Slain by a kobold

Levels and vault maps discovered:
D:1:      lightli_iron_boxes, layout_basic, serial_shops,
          nicolae_shop_just_a_little_nook
D:2:      layout_basic, chequers_mini_garden, minmay_quadrilaterals
D:3:      layout_basic

Skill      XL: |  1  2  3  4 |
---------------+-------------+-----
Ranged Weapons | 4 5 |  5.1
Fighting       | 3 |  3.0
Dodging        | |  1.5
Stealth        | |  1.5

Action                     |  1- 3 |  4- 6 || total
---------------------------+-------+-------++-------
   Fire: Shortbow          |    63 |    32 ||    95
Ability: Spit Poison       |    23 |    17 ||    40
    Use: Scroll            |     3 |     1 ||     4
         Potion            |     1 |       ||     1
 Armour: Leather armour    |    11 |     4 ||    15
  Dodge: Dodged            |    29 |     8 ||    37

Table legend:
 A = Non-vault XP
 B = Vault XP
 C = Vault XP percentage of total XP
 D = Non-vault monster count
 E = Vault monster count
 F = Vault count percentage of total count
                 A         B        C        D         E       F
            +---------+---------+-------+---------+---------+-------
      Total |     118 |      43 |  26.7 |      45 |       9 |  16.7
            +---------+---------+-------+---------+---------+-------
        D:1 |      38 |       0 |   0.0 |      24 |       0 |   0.0
        D:2 |      66 |      43 |  39.4 |      20 |       9 |  31.0
        D:3 |      14 |       0 |   0.0 |       1 |       0 |   0.0
            +---------+---------+-------+---------+---------+-------
